[Event "15th Governor Cup 2019"]
[Site "Khanty-Mansiysk"]
[Date "2019.11.20"]
[Round "3.3"]
[White "Iljiushenok, Ilia"]
[Black "Timofeev, Artyom"]
[Result "1/2-1/2"]
[ECO "B45"]
[WhiteElo "2532"]
[BlackElo "2595"]
[Annotator "RC"]
[PlyCount "104"]
[EventDate "2019.11.19"]
[EventType "swiss"]
[EventCountry "RUS"]
[SourceTitle "playchess.com"]
[Source "ChessBase"]
[SourceQuality "1"]
[TimeControl "5400+30"]

1. e4 c5 2. Nf3 e6 3. d4 cxd4 4. Nxd4 Nc6 5. Nc3 d6 6. Be3 Nf6 7. Qe2 Bd7 8. O-O-O a6 9. f4 b5 10. e5 b4 11. Nxc6 Bxc6 12. Qc4 Bd7 13. exf6 bxc3 14. Qxc3 Qxf6 15. Qd2 Be7 16. Bd4 Qh6 17. g4 O-O 18. g5 Qh4 19. Rg1 Bb5 20. Rg3 Bxf1 21. Rxf1 Rfc8 22. Qe2 e5 23. Be3 d5 24. Qf3 exf4 25. Bxf4 Rc4 26. Bd2 Rf8 27. Qxd5 Rc5 28. Qd3 Rd8 29. Qb3 Rf8 30. Rgf3 Rb5 31. Qd3 Bxg5 32. Rh3 Bxd2+ 33. Kb1 Rxb2+ 34. Kxb2 Qb4+ 35. Ka1 Bh6 36. Rxh6 gxh6 37. Qg3+ Kh8 38. Qe5+ f6 39. Rxf6 Rxf6 40. Qxf6+ Kg8 41. c3 Qc4 42. h4 Qe2 43. Kb1 Qd1+ 44. Kb2 Qd2+ 45. Kb1 Qd1+ 46. Kb2 Qd2+ 47. Kb3 Qd1+ 48. Kb4 Qb1+ 49. Ka3 Qc1+ 50. Kb3 Qb1+ 51. Ka3 Qc1+ 52. Kb3 Qb1+ 1/2-1/2

[Event "15th Governor Cup 2019"]
[Site "Khanty-Mansiysk"]
[Date "2019.11.20"]
[Round "3.13"]
[White "Nesterov, Arseniy"]
[Black "Lysenko, Margarita"]
[Result "1-0"]
[ECO "E12"]
[WhiteElo "2489"]
[BlackElo "2243"]
[Annotator "ChessBase"]
[PlyCount "83"]
[EventDate "2019.11.19"]
[EventType "swiss"]
[EventCountry "RUS"]
[SourceTitle "playchess.com"]
[Source "ChessBase"]
[SourceQuality "1"]
[TimeControl "5400+30"]

1. d4 Nf6 2. c4 e6 3. Nf3 b6 4. a3 Bb7 5. Nc3 Ne4 6. Qc2 Nxc3 7. Qxc3 Be7 8. Bf4 O-O 9. e3 f5 10. h3 a5 11. Be2 a4 12. O-O-O d6 13. Rhg1 Nd7 14. g4 Nf6 15. Ng5 Ne4 16. Nxe4 fxe4 17. g5 Qe8 18. Bg4 Bd8 19. h4 d5 20. h5 Qd7 21. h6 g6 22. f3 exf3 23. Bxf3 c6 24. Qc2 b5 25. c5 Ba5 26. Bg4 b4 27. Bd6 bxa3 28. bxa3 Rf5 29. Bxf5 exf5 30. Kb1 Ba6 31. Ka1 Bc4 32. Rb1 Qa7 33. Rgc1 Qa6 34. Qh2 Re8 35. Rb8 Rxb8 36. Qe5 Qb7 37. Bxb8 Qd7 38. Qd6 Qe8 39. Qf6 Qf8 40. Qe6+ Qf7 41. Qxc6 Bd2 42. Bd6 1-0

[Event "15th Governor Cup 2019"]
[Site "Khanty-Mansiysk"]
[Date "2019.11.20"]
[Round "3.15"]
[White "Skatchkov, Valery"]
[Black "Remizov, Yaroslav"]
[Result "1/2-1/2"]
[ECO "E06"]
[WhiteElo "2309"]
[BlackElo "2394"]
[Annotator "ChessBase"]
[PlyCount "33"]
[EventDate "2019.11.19"]
[EventType "swiss"]
[EventCountry "RUS"]
[SourceTitle "playchess.com"]
[Source "ChessBase"]
[SourceQuality "1"]
[TimeControl "5400+30"]

1. d4 d5 2. c4 e6 3. Nf3 Nf6 4. g3 Be7 5. Bg2 O-O 6. O-O dxc4 7. Ne5 Nc6 8. Bxc6 bxc6 9. Nxc6 Qe8 10. Nxe7+ Qxe7 11. Qa4 e5 12. dxe5 Qxe5 13. Qxc4 Be6 14. Qc2 Bf5 15. Qc4 Be6 16. Qc2 Bf5 17. Qc4 1/2-1/2

[Event "15th Governor Cup 2019"]
[Site "Khanty-Mansiysk"]
[Date "2019.11.20"]
[Round "3.16"]
[White "Martynyuk, Elizaveta"]
[Black "Obgolts, Erik"]
[Result "1/2-1/2"]
[ECO "B06"]
[WhiteElo "2020"]
[BlackElo "2371"]
[Annotator "ChessBase"]
[PlyCount "116"]
[EventDate "2019.11.19"]
[EventType "swiss"]
[EventCountry "RUS"]
[SourceTitle "playchess.com"]
[Source "ChessBase"]
[SourceQuality "1"]
[TimeControl "5400+30"]

1. e4 g6 2. d4 Bg7 3. Nc3 c6 4. Be3 d5 5. Qd2 dxe4 6. Nxe4 Nd7 7. O-O-O Ngf6 8. f3 O-O 9. Bh6 e5 10. Bxg7 Kxg7 11. Nxf6 Qxf6 12. h4 h6 13. g4 exd4 14. g5 Qd6 15. h5 hxg5 16. Nh3 f6 17. hxg6 Rh8 18. Be2 Ne5 19. Nxg5 Bf5 20. Ne4 Bxe4 21. fxe4 Nxg6 22. Rxh8 Rxh8 23. Qxd4 Qxd4 24. Rxd4 Ne5 25. a4 Rh2 26. Bd1 Rh8 27. a5 Kf7 28. Rb4 Rb8 29. Kd2 Ke7 30. Ke3 b5 31. axb6 axb6 32. Ra4 Rh8 33. Be2 Rh1 34. Ra6 b5 35. b3 Kd7 36. Kd4 Kc7 37. Bd3 Kb7 38. Ra2 Rc1 39. Kc3 Rb1 40. Kd4 Rd1 41. Kc3 Nd7 42. Be2 Re1 43. Kd2 Rg1 44. Ke3 Rg3+ 45. Kd4 Nf8 46. Bd3 Ne6+ 47. Kc3 Nc5 48. Kd4 Ne6+ 49. Kc3 Rg1 50. Kb2 Nf4 51. Kc3 Rd1 52. Ra5 Ne6 53. Kb4 Nc7 54. Kc5 Na6+ 55. Rxa6 Kxa6 56. Kxc6 Ka5 57. Bxb5 Kb4 58. Bd3 Rd2 1/2-1/2

[Event "15th Governor Cup 2019"]
[Site "Khanty-Mansiysk"]
[Date "2019.11.20"]
[Round "3.17"]
[White "Voskresenskaya, Marta"]
[Black "Pogosyan, Stefan"]
[Result "0-1"]
[ECO "E15"]
[WhiteElo "1859"]
[BlackElo "2455"]
[Annotator "ChessBase"]
[PlyCount "94"]
[EventDate "2019.11.19"]
[EventType "swiss"]
[EventCountry "RUS"]
[SourceTitle "playchess.com"]
[Source "ChessBase"]
[SourceQuality "1"]
[TimeControl "5400+30"]

1. d4 Nf6 2. Nf3 e6 3. c4 b6 4. g3 Ba6 5. Qc2 Bb7 6. Bg2 c5 7. e3 Be7 8. O-O O-O 9. Nbd2 cxd4 10. exd4 Nc6 11. a3 d5 12. cxd5 Qxd5 13. Nb3 Rfd8 14. Nh4 Qb5 15. a4 Qh5 16. Bf3 Nb4 17. Qe2 Bxf3 18. Qxf3 Rac8 19. Bd2 Qxf3 20. Nxf3 Nd3 21. Bc3 Ne4 22. Rad1 Nxc3 23. Rxd3 Nxa4 24. Rd2 Nc3 25. Ra1 Nb5 26. Nc1 Bf6 27. Ne2 Rd7 28. Kg2 h5 29. h3 Rc4 30. Rad1 Rb4 31. Nf4 g6 32. g4 hxg4 33. hxg4 Nxd4 34. g5 Bg7 35. Ne2 e5 36. Nexd4 exd4 37. Ne1 Rb5 38. f4 d3 39. Nxd3 Bxb2 40. Nxb2 Rxb2 41. Rxb2 Rxd1 42. Ra2 a5 43. Rb2 Rd6 44. Kf3 Re6 45. f5 gxf5 46. Kf4 Re4+ 47. Kxf5 Rb4 0-1

[Event "15th Governor Cup 2019"]
[Site "Khanty-Mansiysk"]
[Date "2019.11.20"]
[Round "3.18"]
[White "Shafigullina, Zarina"]
[Black "Yakimova, Mariya"]
[Result "1-0"]
[ECO "A04"]
[WhiteElo "2295"]
[BlackElo "2276"]
[Annotator "ChessBase"]
[PlyCount "93"]
[EventDate "2019.11.19"]
[EventType "swiss"]
[EventCountry "RUS"]
[SourceTitle "playchess.com"]
[Source "ChessBase"]
[SourceQuality "1"]
[TimeControl "5400+30"]

1. Nf3 e6 2. g3 Nf6 3. Bg2 d5 4. b3 Be7 5. Bb2 O-O 6. c4 c6 7. O-O Nbd7 8. d4 b5 9. c5 Ne4 10. b4 a5 11. a3 Qc7 12. Qc2 f5 13. Ne5 Bf6 14. f3 Ng5 15. Nd3 axb4 16. axb4 Rxa1 17. Bxa1 e5 18. f4 exf4 19. gxf4 Ne4 20. Ne5 Nxe5 21. dxe5 Bh4 22. Na3 Qf7 23. Qd3 Qh5 24. Nc2 Bd7 25. Nd4 Ra8 26. e6 Be8 27. Bb2 Ra4 28. Bxe4 fxe4 29. Qd2 Qg4+ 30. Kh1 Qh3 31. Rg1 e3 32. Qc3 Bf6 33. Qe1 Bxd4 34. Bxd4 Bg6 35. Rg3 Qxe6 36. Rxe3 Qg4 37. Rg3 Qxf4 38. e3 Qe4+ 39. Kg1 Ra7 40. Rg2 Qd3 41. Qf1 Qb3 42. Rf2 Ra8 43. Qh3 Bd3 44. Qe6+ Kh8 45. Bxg7+ Kxg7 46. Rf7+ Kg8 47. Re7+ 1-0

[Event "15th Governor Cup 2019"]
[Site "Khanty-Mansiysk"]
[Date "2019.11.20"]
[Round "3.19"]
[White "Chekletsov, Ilya"]
[Black "Kochukova, Anna"]
[Result "1-0"]
[ECO "E06"]
[WhiteElo "2386"]
[BlackElo "2117"]
[Annotator "ChessBase"]
[PlyCount "89"]
[EventDate "2019.11.19"]
[EventType "swiss"]
[EventCountry "RUS"]
[SourceTitle "playchess.com"]
[Source "ChessBase"]
[SourceQuality "1"]
[TimeControl "5400+30"]

1. d4 Nf6 2. c4 e6 3. g3 d5 4. Bg2 Be7 5. Nf3 O-O 6. O-O b6 7. cxd5 exd5 8. Bf4 Bb7 9. Nc3 Na6 10. Ne5 c5 11. dxc5 Nxc5 12. Nb5 Ne6 13. Be3 Qb8 14. Nd3 Ne4 15. Rc1 Rc8 16. Nf4 Rxc1 17. Qxc1 Nxf4 18. Bxf4 Qf8 19. Rd1 Rc8 20. Qb1 a6 21. Nc7 Rd8 22. Qd3 b5 23. Qb3 Nc5 24. Qc2 Ne4 25. Qb3 Nc5 26. Qe3 Ne4 27. Qb6 Ba8 28. Nxa6 b4 29. Bxe4 dxe4 30. Rxd8 Bxd8 31. Qxb4 Qe8 32. Qb8 Bc6 33. Bc7 Bxc7 34. Qxe8+ Bxe8 35. Nxc7 Bc6 36. Kf1 Kf8 37. Ke1 Ke7 38. Kd2 Kd6 39. Na6 Bb5 40. Nb4 Kc5 41. Nc2 f5 42. b3 g5 43. a4 Bd7 44. e3 h6 45. Kc3 1-0

[Event "15th Governor Cup 2019"]
[Site "Khanty-Mansiysk"]
[Date "2019.11.20"]
[Round "3.20"]
[White "Semenova, Elena"]
[Black "Mukhina, Jana"]
[Result "1-0"]
[ECO "C79"]
[WhiteElo "2282"]
[BlackElo "2105"]
[Annotator "ChessBase"]
[PlyCount "21"]
[EventDate "2019.11.19"]
[EventType "swiss"]
[EventCountry "RUS"]
[SourceTitle "playchess.com"]
[Source "ChessBase"]
[SourceQuality "1"]
[TimeControl "5400+30"]

1. e4 e5 2. Nf3 Nc6 3. Bb5 a6 4. Ba4 Nf6 5. O-O d6 6. Re1 Bd7 7. c3 g6 8. d4 Bg7 9. Nbd2 Qe7 10. h3 O-O 11. Nf1 1-0

[Event "15th Governor Cup 2019"]
[Site "Khanty-Mansiysk"]
[Date "2019.11.20"]
[Round "3.21"]
[White "Mironenko, Galina"]
[Black "Ryabov, Georgi"]
[Result "0-1"]
[ECO "B03"]
[WhiteElo "2236"]
[BlackElo "1887"]
[Annotator "ChessBase"]
[PlyCount "80"]
[EventDate "2019.11.19"]
[EventType "swiss"]
[EventCountry "RUS"]
[SourceTitle "playchess.com"]
[Source "ChessBase"]
[SourceQuality "1"]
[TimeControl "5400+30"]

1. e4 Nf6 2. e5 Nd5 3. d4 d6 4. c4 Nb6 5. exd6 cxd6 6. Nf3 g6 7. b3 Bg7 8. Bb2 O-O 9. Be2 Nc6 10. O-O e5 11. d5 Ne7 12. Nc3 h6 13. Ba3 Bg4 14. Ne4 Nbc8 15. c5 dxc5 16. d6 Nc6 17. Bxc5 f5 18. Qd5+ Kh7 19. Ned2 e4 20. Rae1 exf3 21. Bxf3 Bxf3 22. Nxf3 Nb6 23. Qd3 Nd7 24. Ba3 Qa5 25. Bc1 Nde5 26. Nxe5 Nxe5 27. Qh3 Rae8 28. Rd1 Nd7 29. Qf3 Re4 30. a3 Qc3 31. Rd3 Qc6 32. Qd1 Rfe8 33. Qd2 Re2 34. Qf4 Re1 35. Rd1 Rxf1+ 36. Rxf1 Re4 37. Qg3 Rg4 38. Qh3 Qxd6 39. Qf3 Re4 40. Rd1 Ne5 0-1

[Event "15th Governor Cup 2019"]
[Site "Khanty-Mansiysk"]
[Date "2019.11.20"]
[Round "3.22"]
[White "Dorofeeva, Nyurguiaana"]
[Black "Mochalin, Faddey"]
[Result "0-1"]
[ECO "D02"]
[WhiteElo "1848"]
[BlackElo "2188"]
[Annotator "ChessBase"]
[PlyCount "102"]
[EventDate "2019.11.19"]
[EventType "swiss"]
[EventCountry "RUS"]
[SourceTitle "playchess.com"]
[Source "ChessBase"]
[SourceQuality "1"]
[TimeControl "5400+30"]

1. d4 d5 2. Nf3 Nf6 3. Bf4 c5 4. e3 Nc6 5. c3 Qb6 6. Qc1 Bf5 7. Nbd2 e6 8. h3 h6 9. Be2 Be7 10. O-O O-O 11. Bd1 Rac8 12. dxc5 Qxc5 13. Nb3 Qb6 14. Bc2 Bxc2 15. Qxc2 Qa6 16. Qd1 b5 17. a3 Nd7 18. Qe2 Nb6 19. Nbd4 Nxd4 20. Nxd4 Nc4 21. a4 e5 22. axb5 Qf6 23. Bxe5 Nxe5 24. Rxa7 Bc5 25. Ra6 Qe7 26. Nf5 Qg5 27. e4 g6 28. h4 Qf4 29. g3 Qxe4 30. Qxe4 dxe4 31. Ne3 Bxe3 32. fxe3 Nc4 33. b3 Nxe3 34. Rc1 Nf5 35. Kg2 e3 36. c4 Rfe8 37. b6 Nd4 38. b4 e2 39. b7 Rb8 40. Ra8 Rxa8 41. bxa8=Q Rxa8 42. Kf2 Re8 43. Re1 Nc2 44. Rxe2 Rxe2+ 45. Kxe2 Nxb4 46. Ke3 Kf8 47. Ke4 Ke7 48. g4 Ke6 49. g5 hxg5 50. hxg5 Nc6 51. Kf4 Ne5 {[%emt 0:00:13] Kxe5+ Kxe5} 0-1

[Event "15th Governor Cup 2019"]
[Site "Khanty-Mansiysk"]
[Date "2019.11.21"]
[Round "4.5"]
[White "Goganov, Aleksey"]
[Black "Iljiushenok, Ilia"]
[Result "1-0"]
[ECO "E46"]
[WhiteElo "2565"]
[BlackElo "2532"]
[Annotator "RC"]
[PlyCount "61"]
[EventDate "2019.11.19"]
[EventType "swiss"]
[EventCountry "RUS"]
[SourceTitle "playchess.com"]
[Source "ChessBase"]
[SourceQuality "1"]
[TimeControl "5400+30"]

1. d4 Nf6 2. c4 e6 3. Nc3 Bb4 4. e3 O-O 5. Bd2 b6 6. Nf3 Bb7 7. Bd3 d5 8. cxd5 exd5 9. Rc1 a6 10. Ne5 Bd6 11. O-O Qe7 12. f4 c5 13. Qf3 c4 14. Bb1 b5 15. Be1 Nbd7 16. Qh3 Bxe5 17. Bh4 Qe8 18. fxe5 Ne4 19. Nxe4 dxe4 20. Rf5 f6 21. exf6 Nxf6 22. Bxf6 Rxf6 23. Rxf6 gxf6 24. Rf1 Qg6 25. Qe6+ Kg7 26. Rf4 Re8 27. Qd7+ Qf7 28. Rg4+ Kf8 29. Qd6+ Re7 30. Bxe4 f5 31. Bxf5 1-0

[Event "15th Governor Cup 2019"]
[Site "Khanty-Mansiysk"]
[Date "2019.11.21"]
[Round "4.7"]
[White "Chinguun, Sumiya"]
[Black "Bocharov, Dmitry"]
[Result "0-1"]
[ECO "B92"]
[WhiteElo "2307"]
[BlackElo "2519"]
[Annotator "ChessBase"]
[PlyCount "68"]
[EventDate "2019.11.19"]
[EventType "swiss"]
[EventCountry "RUS"]
[SourceTitle "playchess.com"]
[Source "ChessBase"]
[SourceQuality "1"]
[TimeControl "5400+30"]

1. e4 c5 2. Nf3 d6 3. d4 cxd4 4. Nxd4 Nf6 5. Nc3 a6 6. Be2 g6 7. Be3 Nbd7 8. Qd2 b5 9. a4 b4 10. Nd5 Bb7 11. Bf3 e5 12. Nb3 Nxd5 13. exd5 a5 14. h4 h5 15. Bg5 f6 16. Qd3 Kf7 17. Be3 f5 18. Be2 Bg7 19. f3 Qc7 20. g4 e4 21. fxe4 Bxb2 22. O-O Ne5 23. Qd1 Bxa1 24. exf5 Bc3 25. fxg6+ Kxg6 26. gxh5+ Kg7 27. Rf5 Rhg8 28. Kh2 Raf8 29. Qf1 Rxf5 30. Qxf5 Qf7 31. Qg5+ Kh8 32. Qh6+ Qh7 33. Qxd6 Qg7 34. Bg5 Nf3+ 0-1

[Event "15th Governor Cup 2019"]
[Site "Khanty-Mansiysk"]
[Date "2019.11.21"]
[Round "4.8"]
[White "Safin, Robert"]
[Black "Potapov, Pavel"]
[Result "1/2-1/2"]
[ECO "A40"]
[WhiteElo "2182"]
[BlackElo "2489"]
[Annotator "ChessBase"]
[PlyCount "79"]
[EventDate "2019.11.19"]
[EventType "swiss"]
[EventCountry "RUS"]
[SourceTitle "playchess.com"]
[Source "ChessBase"]
[SourceQuality "1"]
[TimeControl "5400+30"]

1. d4 Nf6 2. c4 e6 3. g3 d5 4. Nf3 Bb4+ 5. Bd2 Be7 6. Bg2 O-O 7. Qc2 Nbd7 8. O-O c6 9. Rc1 h6 10. Be1 b6 11. cxd5 cxd5 12. Nc3 Bb7 13. Nb5 a6 14. Qc7 Rb8 15. Qxd8 Rbxd8 16. Na7 Bd6 17. Nc6 Rc8 18. Nce5 Rfd8 19. e3 Kf8 20. a3 Ke7 21. Nd3 Ne8 22. Bb4 f6 23. Nd2 a5 24. Bxd6+ Nxd6 25. Rxc8 Rxc8 26. Rc1 Rxc1+ 27. Nxc1 Ba6 28. f4 g5 29. Kf2 g4 30. e4 dxe4 31. Bxe4 f5 32. Bg2 Nf6 33. Na2 Nc4 34. Nxc4 Bxc4 35. Nc3 Kd6 36. Ke3 Bd5 37. Bf1 Bc6 38. Bc4 Bd5 39. Bf1 Bc6 40. Bc4 {[%emt 0:00:04] Ke5 Ke4+} 1/2-1/2

[Event "15th Governor Cup 2019"]
[Site "Khanty-Mansiysk"]
[Date "2019.11.21"]
[Round "4.9"]
[White "Afanasiev, Nikita"]
[Black "Lugovskoy, Maxim"]
[Result "0-1"]
[ECO "A14"]
[WhiteElo "2508"]
[BlackElo "2444"]
[Annotator "ChessBase"]
[PlyCount "86"]
[EventDate "2019.11.19"]
[EventType "swiss"]
[EventCountry "RUS"]
[SourceTitle "playchess.com"]
[Source "ChessBase"]
[SourceQuality "1"]
[TimeControl "5400+30"]

1. c4 e6 2. Nf3 Nf6 3. g3 d5 4. Bg2 Be7 5. O-O O-O 6. b3 c5 7. Bb2 Nc6 8. e3 b6 9. Qe2 Bb7 10. Rd1 Qc7 11. Nc3 Rfd8 12. Rac1 dxc4 13. bxc4 Rd7 14. Nb5 Qd8 15. d4 cxd4 16. exd4 a6 17. Nc3 Rc8 18. d5 exd5 19. cxd5 Nxd5 20. Bh3 Nxc3 21. Bxc3 Rcc7 22. Bxd7 Rxd7 23. Ne5 Nxe5 24. Bxe5 Bf8 25. h4 Rd5 26. Kh2 Qd7 27. Bf4 h6 28. Be3 Qe6 29. Rxd5 Bxd5 30. Qxa6 Qe4 31. Rg1 Bd6 32. Qc8+ Kh7 33. Qd8 Be5 34. Bxb6 g5 35. Qd7 Be6 36. Qd2 Qxh4+ 37. Kg2 Bh3+ 38. Kf3 Qg4+ 39. Ke3 Qe6 40. Qd3+ Bf5 41. Qb3 Bf4+ 42. Kd4 Qe5+ 43. Kc4 Be6+ {[%emt 0:00:04] Kd4} 0-1

[Event "15th Governor Cup 2019"]
[Site "Khanty-Mansiysk"]
[Date "2019.11.21"]
[Round "4.10"]
[White "Zakaryan, David"]
[Black "Khanin, Semen"]
[Result "1/2-1/2"]
[ECO "E01"]
[WhiteElo "2338"]
[BlackElo "2503"]
[Annotator "ChessBase"]
[PlyCount "86"]
[EventDate "2019.11.19"]
[EventType "swiss"]
[EventCountry "RUS"]
[SourceTitle "playchess.com"]
[Source "ChessBase"]
[SourceQuality "1"]
[TimeControl "5400+30"]

1. d4 Nf6 2. c4 e6 3. g3 d5 4. Bg2 Bb4+ 5. Bd2 Bxd2+ 6. Nxd2 O-O 7. Ngf3 Qe7 8. O-O Rd8 9. Qc2 Nc6 10. Rac1 dxc4 11. Qxc4 e5 12. dxe5 Nxe5 13. Nxe5 Qxe5 14. Nf3 Qxb2 15. Qxc7 Be6 16. Rfd1 Nd5 17. Qa5 b6 18. Qd2 Qxd2 19. Rxd2 Nb4 20. a3 Rxd2 21. Nxd2 Rd8 22. axb4 Rxd2 23. e3 a5 24. bxa5 bxa5 25. Bc6 g6 26. Kg2 Bb3 27. Ra1 Ra2 28. Rb1 a4 29. e4 Rd2 30. Ra1 Rd1 31. Ra3 Rd4 32. Kf3 Kf8 33. Ke3 Rb4 34. Kd3 Ke7 35. e5 g5 36. f3 Bd1 37. Kd2 Rd4+ 38. Kc3 Rd8 39. Bxa4 Bxf3 40. Bc2 Ke6 41. Bxh7 Kxe5 42. Ra5+ Bd5 43. Bd3 Rc8+ 1/2-1/2

[Event "15th Governor Cup 2019"]
[Site "Khanty-Mansiysk"]
[Date "2019.11.21"]
[Round "4.11"]
[White "Bilguun, Sumiya"]
[Black "Martynyuk, Elizaveta"]
[Result "1-0"]
[ECO "B47"]
[WhiteElo "2496"]
[BlackElo "2020"]
[Annotator "ChessBase"]
[PlyCount "59"]
[EventDate "2019.11.19"]
[EventType "swiss"]
[EventCountry "RUS"]
[SourceTitle "playchess.com"]
[Source "ChessBase"]
[SourceQuality "1"]
[TimeControl "5400+30"]

1. e4 c5 2. Nf3 e6 3. d4 cxd4 4. Nxd4 Nc6 5. Nc3 Qc7 6. g3 a6 7. Bg2 Nf6 8. O-O Bc5 9. Be3 Ne5 10. Bf4 d6 11. Nb3 Ba7 12. Qe2 Bd7 13. Rad1 b5 14. Qd2 Nc4 15. Qc1 Rc8 16. Bxd6 Nxd6 17. e5 Nf5 18. exf6 gxf6 19. Ne4 Ke7 20. Qd2 a5 21. Nxa5 Bd4 22. Qb4+ Bc5 23. Qc3 e5 24. Rxd7+ Qxd7 25. Nxc5 Qd4 26. Qf3 Qxc5 27. Qxf5 Qxc2 28. Be4 Qxb2 29. Nc6+ Rxc6 30. Bxc6 1-0

[Event "15th Governor Cup 2019"]
[Site "Khanty-Mansiysk"]
[Date "2019.11.21"]
[Round "4.12"]
[White "Pogosyan, Stefan"]
[Black "Skatchkov, Valery"]
[Result "1-0"]
[ECO "E17"]
[WhiteElo "2455"]
[BlackElo "2309"]
[Annotator "ChessBase"]
[PlyCount "115"]
[EventDate "2019.11.19"]
[EventType "swiss"]
[EventCountry "RUS"]
[SourceTitle "playchess.com"]
[Source "ChessBase"]
[SourceQuality "1"]
[TimeControl "5400+30"]

1. d4 Nf6 2. c4 e6 3. Nf3 b6 4. g3 Bb7 5. Bg2 Be7 6. O-O O-O 7. Re1 Na6 8. a3 d5 9. cxd5 exd5 10. Nc3 c5 11. Bf4 Nc7 12. Rc1 Ne6 13. e3 c4 14. h4 a6 15. a4 Qe8 16. Ne5 b5 17. Bg5 Rd8 18. axb5 axb5 19. Ra1 b4 20. Ra7 Rb8 21. Rxb7 Rxb7 22. Nxd5 Nxd5 23. Bxd5 Rc7 24. Bxe7 Qxe7 25. Bxc4 f6 26. d5 Rd8 27. Qe2 fxe5 28. dxe6 g6 29. b3 Kg7 30. Ra1 h5 31. Qb2 Qc5 32. Qc2 Qc6 33. Rd1 Rxd1+ 34. Qxd1 Ra7 35. Bd5 Qd6 36. Qf3 Rc7 37. Kg2 Re7 38. Qe4 Rc7 39. Qf3 Ra7 40. Bc4 Rc7 41. Qe4 Qc6 42. Bd5 Qd6 43. Kf3 Kf6 44. Kg2 Kg7 45. Kh2 Kf6 46. Qf3+ Kg7 47. Bc4 Qd2 48. Kg1 Qd8 49. Qe4 Qd6 50. Qa8 Re7 51. Kg2 Rc7 52. e4 Qe7 53. Qb8 Kh7 54. Qb5 Qd6 55. Qd5 Qxd5 56. exd5 Rxc4 57. e7 Rc8 58. d6 1-0

[Event "15th Governor Cup 2019"]
[Site "Khanty-Mansiysk"]
[Date "2019.11.21"]
[Round "4.13"]
[White "Maltsevskaya, Aleksandra"]
[Black "Remizov, Yaroslav"]
[Result "1/2-1/2"]
[ECO "B00"]
[WhiteElo "2332"]
[BlackElo "2394"]
[Annotator "ChessBase"]
[PlyCount "57"]
[EventDate "2019.11.19"]
[EventType "swiss"]
[EventCountry "RUS"]
[SourceTitle "playchess.com"]
[Source "ChessBase"]
[SourceQuality "1"]
[TimeControl "5400+30"]

1. e4 d6 2. d4 Nf6 3. Bd3 e5 4. Nf3 exd4 5. Nxd4 g6 6. Qe2 Bg7 7. e5 dxe5 8. Qxe5+ Qe7 9. Qxe7+ Kxe7 10. Nc3 Rd8 11. Ndb5 Na6 12. Bf4 c6 13. Nc7 Nxc7 14. Bxc7 Re8 15. O-O-O Kf8 16. Rhe1 Rxe1 17. Rxe1 Be6 18. f3 Nd5 19. Nxd5 Bxd5 20. c4 Be6 21. Bd6+ Kg8 22. Be5 Re8 23. Bxg7 Kxg7 24. Kd2 Kf6 25. Kc3 Rd8 26. Re2 Rd7 27. Re1 Rd8 28. Re2 Rd7 29. Re1 {[%emt 0:00:05] Ke5} 1/2-1/2

[Event "15th Governor Cup 2019"]
[Site "Khanty-Mansiysk"]
[Date "2019.11.21"]
[Round "4.14"]
[White "Obgolts, Erik"]
[Black "Shafigullina, Zarina"]
[Result "1/2-1/2"]
[ECO "A46"]
[WhiteElo "2371"]
[BlackElo "2295"]
[Annotator "ChessBase"]
[PlyCount "111"]
[EventDate "2019.11.19"]
[EventType "swiss"]
[EventCountry "RUS"]
[SourceTitle "playchess.com"]
[Source "ChessBase"]
[SourceQuality "1"]
[TimeControl "5400+30"]

1. d4 Nf6 2. Nf3 e6 3. Bf4 c5 4. e3 b6 5. Nbd2 Bb7 6. c3 Be7 7. h3 d6 8. Bd3 Nbd7 9. Qe2 cxd4 10. exd4 O-O 11. O-O Qc7 12. Ba6 Bc6 13. a4 Rfe8 14. Rfe1 Bf8 15. Bh2 Rad8 16. Qc4 Nb8 17. Bb5 Qb7 18. a5 Rc8 19. Bxc6 Rxc6 20. Qb3 Nbd7 21. a6 Qc8 22. Qb5 d5 23. Rac1 Rd8 24. c4 dxc4 25. Nxc4 Qa8 26. Ne3 Rdc8 27. Rcd1 Bd6 28. Ne5 Nxe5 29. Bxe5 Bxe5 30. Qxe5 Rd8 31. Rd3 Nd5 32. Ng4 Ne7 33. Qg5 Ng6 34. Ne3 h6 35. Qg3 Rcd6 36. d5 exd5 37. Nf5 Rf6 38. Rf3 Kh7 39. Nd4 Rxf3 40. Qxf3 Kg8 41. b4 Re8 42. Rc1 Ne5 43. Qf5 Nc4 44. b5 Qd8 45. Nc6 Qd6 46. Nxa7 d4 47. Qd3 Ne5 48. Qg3 d3 49. Rd1 d2 50. Kh2 Qd7 51. Nc6 Nxc6 52. bxc6 Qxc6 53. Rxd2 Qa4 54. Rd6 Qxa6 55. Rxh6 Qb7 56. Rh4 1/2-1/2

[Event "15th Governor Cup 2019"]
[Site "Khanty-Mansiysk"]
[Date "2019.11.21"]
[Round "4.16"]
[White "Lysenko, Margarita"]
[Black "Belyakov, Bogdan"]
[Result "1-0"]
[ECO "D70"]
[WhiteElo "2243"]
[BlackElo "2495"]
[Annotator "ChessBase"]
[PlyCount "109"]
[EventDate "2019.11.19"]
[EventType "swiss"]
[EventCountry "RUS"]
[SourceTitle "playchess.com"]
[Source "ChessBase"]
[SourceQuality "1"]
[TimeControl "5400+30"]

1. d4 Nf6 2. c4 g6 3. Nf3 Bg7 4. g3 O-O 5. Bg2 d6 6. O-O c5 7. dxc5 dxc5 8. Ne5 Qc7 9. Nd3 Be6 10. Na3 Qc8 11. Be3 Bh3 12. Bxc5 Bxg2 13. Kxg2 Nc6 14. f3 Rd8 15. Qc2 b6 16. Bf2 Qb7 17. Kg1 e5 18. e4 Nd7 19. Nb5 Nf8 20. Nc3 Ne6 21. Nd5 h5 22. Be3 Rac8 23. Qf2 Rf8 24. g4 f5 25. gxf5 gxf5 26. Qh4 Qf7 27. Rf2 Kh7 28. Kh1 Ncd4 29. Bxd4 Nxd4 30. Rg1 Ne6 31. Rfg2 Rce8 32. Rg6 Qxg6 33. Rxg6 Kxg6 34. Ne7+ Kf7 35. Nxf5 Kg8 36. Qxh5 Bf6 37. Qg4+ Kh7 38. Qh3+ Kg8 39. Qg3+ Kh7 40. Nxe5 Bxe5 41. Qxe5 Kg6 42. h4 Rh8 43. Kg1 Rh5 44. Kf2 Rhh8 45. b4 Rh7 46. Nd6 Ree7 47. Qf5+ Kh6 48. Qg4 Rhg7 49. Nf5+ Kh7 50. Nxg7 Nxg7 51. c5 bxc5 52. bxc5 Re5 53. c6 Rc5 54. Qd7 Rc2+ 55. Ke3 1-0

[Event "15th Governor Cup 2019"]
[Site "Khanty-Mansiysk"]
[Date "2019.11.21"]
[Round "4.17"]
[White "Mochalin, Faddey"]
[Black "Chekletsov, Ilya"]
[Result "1/2-1/2"]
[ECO "B77"]
[WhiteElo "2188"]
[BlackElo "2386"]
[Annotator "ChessBase"]
[PlyCount "106"]
[EventDate "2019.11.19"]
[EventType "swiss"]
[EventCountry "RUS"]
[SourceTitle "playchess.com"]
[Source "ChessBase"]
[SourceQuality "1"]
[TimeControl "5400+30"]

1. e4 c5 2. Nf3 d6 3. d4 cxd4 4. Nxd4 Nf6 5. Nc3 g6 6. Be3 Bg7 7. f3 O-O 8. Qd2 Nc6 9. Bc4 Bd7 10. Bb3 Na5 11. O-O-O Nxb3+ 12. cxb3 Qb8 13. h4 b5 14. Kb1 Rc8 15. g4 b4 16. Nd5 Nxd5 17. exd5 a5 18. h5 a4 19. hxg6 fxg6 20. Nc6 Bxc6 21. dxc6 Qb5 22. Qh2 h5 23. Qc2 axb3 24. Qxb3+ Kf8 25. gxh5 Qf5+ 26. Qd3 Qf7 27. Qd5 gxh5 28. Rxh5 Qxd5 29. Rhxd5 Rxc6 30. Bd4 Bxd4 31. R5xd4 Rca6 32. Rxb4 Rxa2 33. Rd2 R2a4 34. Rb7 Ra1+ 35. Kc2 Rc8+ 36. Kd3 Re1 37. b4 Rcc1 38. Re2 Rxe2 39. Kxe2 Rc3 40. b5 Rb3 41. Kf2 Kf7 42. Rb8 Ke6 43. Rb7 Kf6 44. b6 e5 45. Rb8 Ke6 46. Ke2 Kd5 47. b7 Kc6 48. f4 Rxb7 49. Rxb7 Kxb7 50. fxe5 dxe5 51. Kd3 Kc6 52. Ke4 Kd6 53. Ke3 Kd5 {[%emt 0:00:22] Ke4+} 1/2-1/2